Map: [ESL] Inside and Out

Players

Neeb - Winner!

  • Race: Protoss Protoss
  • League: Master
  • Spawn Location: 7:00

Kelazhur

  • Race: Terran Terran
  • Spawn Location: 1:00

Event: TSL 9

VOD

Have the link to the VOD?

Description

Time

  • Played on: Aug. 5, 2022, 12:16 p.m.
  • Length: 24:53

All games in this series

Show
View Real Time Build Order
Export as new Build Order

Neeb Protoss - Winner!

Build Orders: 1 Gate Expand, Phoenix Opening 

Get SALT Encoding   

  12  0:00  Probe  
  13  0:12  Probe  
  14  0:18  Pylon  
  14  0:24  Probe (Chrono Boost)  
  15  0:36  Gateway, Probe (Chrono Boost)  
  16  0:44  Probe (Chrono Boost)  
  16  0:47  Assimilator  
  17  0:51  Probe  
  18  1:03  Probe  
  19  1:15  Probe  
  20  1:28  Cybernetics Core  
  20  1:30  Nexus  
  20  1:37  Zealot  
  22  1:44  Pylon  
  22  1:46  Probe  
  23  1:53  Assimilator  
  23  2:01  Stalker (Chrono Boost)  
  23  2:02  Probe  
  26  2:14  Probe  
  26  2:24  Stalker (Chrono Boost)  
  26  2:26  Warp Gate, Probe  
  29  2:37  Pylon  
  29  2:38  Probe  
  29  2:42  Probe  
  30  2:50  Probe  
  30  2:51  Stalker (Chrono Boost)  
  33  2:55  Probe  
  34  3:02  Probe  
  35  3:08  Stargate  
  35  3:10  Probe  
  36  3:14  Probe  
  35  3:23  Probe (Chrono Boost)  
  37  3:32  Probe (Chrono Boost)  
  38  3:34  Probe (Chrono Boost)  
  38  3:39  Probe (Chrono Boost)  
  38  3:40  Probe (Chrono Boost)  
  40  3:49  Probe  
  40  3:51  Phoenix (Chrono Boost), Probe  
  40  3:53  Pylon  
  44  4:01  Probe  
  45  4:03  Probe  
  45  4:07  Nexus  
  45  4:08  Phoenix (Chrono Boost)  
  48  4:15  Robotics Facility  
  48  4:21  Stalker  
  50  4:26  Phoenix (Chrono Boost), Probe  
  53  4:36  Probe  
  53  4:38  Probe  
  48  4:47  Phoenix (Chrono Boost)  
  48  4:48  Zealot, Probe  
  48  4:52  Probe  
  54  5:00  Probe  
  53  5:08  Probe  
  53  5:12  Probe  
  55  5:15  Phoenix  
  55  5:19  Assimilator  
  55  5:20  Probe x2, Assimilator  
  57  5:21  Gateway  
  57  5:25  Gateway  
  57  5:29  Probe  
  57  5:32  Probe  
  57  5:35  Robotics Bay  
  59  5:38  Probe  
  59  5:41  Probe  
  61  5:44  Probe  
  61  5:47  Stalker  
  58  5:51  Probe  
  58  5:53  Probe  
  58  5:55  Immortal (Chrono Boost)  
  58  5:56  Probe  
  61  5:59  Shield Battery, Pylon  
  61  6:04  Probe  
  66  6:05  Probe  
  67  6:12  Pylon  
  67  6:17  Sentry, Stalker  
  71  6:18  Probe  
  71  6:19  Probe  
  71  6:20  Pylon  
  71  6:22  Shield Battery  
  71  6:25  Zealot  
  75  6:26  Colossus (Chrono Boost)  
  81  6:33  Extended Thermal Lance  
  81  6:39  Probe x2  
  83  6:41  Probe  
  83  6:42  Shield Battery  
  84  6:50  Stalker  
  84  6:51  Zealot  
  84  6:52  Adept  
  90  6:55  Probe x2, Pylon  
  90  6:57  Probe  
  93  7:03  Pylon  
  93  7:09  Colossus (Chrono Boost)  
  93  7:13  Probe x2  
  93  7:15  Forge  
  101  7:21  Stalker x2  
  101  7:22  Pylon  
  105  7:23  Zealot  
  105  7:28  Protoss Ground Weapons Level 1  
  105  7:32  Shield Battery  
  105  7:34  Pylon  
  105  7:37  Twilight Council  
  105  7:38  Pylon  
  105  7:41  Gateway  
  105  7:42  Gateway  
  105  7:53  Gateway  
  105  7:55  Gateway  
  105  7:56  Observer (Chrono Boost)  
  106  7:58  Gateway  
  106  8:01  Zealot x3  
  112  8:06  Pylon  
  112  8:08  Pylon  
  112  8:09  Colossus (Chrono Boost)  
  118  8:24  Stalker x2  
  118  8:25  Stalker  
  118  8:39  Zealot x2  
  122  8:41  Charge (Chrono Boost), Pylon  
  122  8:45  Probe x3, Assimilator, Pylon  
  122  8:47  Assimilator  
  125  8:52  Colossus (Chrono Boost)  
  125  8:57  Probe x3  
  134  9:07  Stalker x4  
  142  9:12  Pylon  
  142  9:15  Photon Cannon  
  142  9:23  Nexus  
  142  9:24  Zealot, Pylon  
  142  9:25  Zealot x2  
  142  9:28  Zealot  
  130  9:32  Phoenix  
  130  9:38  Probe x2  
  116  9:40  Zealot  
  116  9:43  Zealot  
  104  9:48  Probe  
  104  9:50  Probe  
  104  9:52  Zealot  
  98  9:59  Protoss Ground Armor Level 1 (Chrono Boost)  
  92  10:02  Photon Cannon  
  92  10:07  Photon Cannon  
  91  10:10  Probe x2  
  91  10:12  Observer (Chrono Boost)  
  88  10:14  Probe  
  89  10:22  Probe x2  
  89  10:24  Zealot x4  
  89  10:25  Zealot, Observer (Chrono Boost)  
  102  10:29  Probe  
  102  10:34  Sentry x3, Probe x2  
  109  10:41  Probe  
  110  10:43  Colossus (Chrono Boost)  
  115  11:01  Dark Shrine  
  115  11:04  Stalker x4  
  115  11:06  Blink  
  123  11:19  Warp Prism (Chrono Boost)  
  125  11:31  Zealot x6  
  137  11:42  Nexus  
  137  11:51  Probe x2  
  134  12:01  Protoss Ground Weapons Level 2 (Chrono Boost)  
  134  12:09  Pylon  
  134  12:15  Disruptor (Chrono Boost), Dark Templar x3  
  143  12:25  Zealot x5  
  143  12:28  Shield Battery  
  153  12:31  Shield Battery  
  153  12:44  Disruptor  
  131  12:52  Zealot x5  
  131  12:53  Zealot x2, Probe  
  128  13:05  Probe x2  
  124  13:07  Probe x2  
  122  13:19  Colossus  
  122  13:26  Probe x2  
  128  13:28  Dark Templar x2  
  128  13:32  Templar Archives  
  132  13:34  Probe  
  132  13:37  Probe  
  130  13:42  Observer  
  130  13:52  Zealot x6  
  130  13:54  Robotics Facility  
  136  14:05  Nexus  
  136  14:07  Nexus  
  136  14:09  Pylon  
  136  14:13  Protoss Ground Armor Level 2 (Chrono Boost), Disruptor (Chrono Boost)  
  136  14:15  High Templar x7  
  136  14:16  High Templar  
  155  14:20  Archon x3  
  155  14:21  Archon  
  155  14:23  Observer  
  137  14:39  Disruptor (Chrono Boost)  
  140  14:46  Disruptor (Chrono Boost)  
  140  14:51  Stalker  
  145  14:54  Stalker x2  
  145  14:55  Stalker x5  
  159  15:00  Probe x3  
  159  15:02  Photon Cannon  
  159  15:04  Shield Battery  
  158  15:07  Warp Prism  
  160  15:14  Disruptor  
  160  15:15  Gateway  
  160  15:17  Gateway  
  160  15:18  Dark Templar x2  
  160  15:19  Zealot  
  159  15:31  Dark Templar  
  159  15:34  Dark Templar  
  140  15:43  Disruptor  
  135  15:54  Stalker x6  
  147  15:58  Probe x2  
  147  15:59  Probe x2  
  149  16:12  Nexus  
  149  16:16  Zealot x3  
  149  16:17  Zealot x6  
  167  16:26  Pylon  
  169  16:36  Dark Templar  
  171  16:40  Zealot x5  
  171  16:41  Zealot  
  178  16:54  Zealot x3  
  130  17:08  Zealot x4  
  102  17:12  Stalker  
  102  17:15  Stalker x3  
  95  17:17  Disruptor (Chrono Boost)  
  95  17:23  Pylon  
  95  17:31  Stalker x4  
  101  17:42  Disruptor (Chrono Boost)  
  101  17:44  Stalker x5  
  112  17:56  Zealot x4  
  112  17:58  Robotics Facility  
  120  18:02  Zealot x4  
  112  18:11  Disruptor (Chrono Boost)  
  107  18:15  Zealot x4  
  107  18:19  Zealot  
  109  18:27  Zealot x2  
  109  18:28  Zealot x2  
  109  18:35  Stalker x3  
  109  18:36  Stalker  
  106  18:42  Disruptor (Chrono Boost)  
  106  18:44  Disruptor (Chrono Boost)  
  112  18:51  Dark Templar  
  112  18:52  Zealot x4  
  120  18:57  Nexus  
  119  19:10  Zealot x4, Observer (Chrono Boost)  
  119  19:12  Stalker x4  
  119  19:15  Observer (Chrono Boost)  
  119  19:16  Probe x4  
  141  19:19  Probe  
  141  19:21  Assimilator  
  141  19:22  Assimilator  
  142  19:26  Photon Cannon  
  142  19:27  Zealot  
  140  19:37  Disruptor (Chrono Boost), Observer  
  134  19:40  Zealot x7  
  134  19:41  Zealot  
  140  19:48  Disruptor (Chrono Boost)  
  137  20:00  Stalker  
  139  20:07  Stalker  
  139  20:08  Zealot x3, Stalker x3  
  153  20:15  Pylon  
  153  20:19  Stalker  
  155  20:26  Assimilator  
  155  20:29  Assimilator  
  155  20:32  Assimilator  
  155  20:33  Assimilator  
  155  20:42  Disruptor x2  
  139  20:47  Zealot x3, Stalker x2  
  139  20:48  Zealot x4  
  146  20:59  Probe x2  
  146  21:00  Probe  
  143  21:15  Zealot x9  
  161  21:20  Photon Cannon  
  161  21:22  Shield Battery  
  161  21:24  Colossus x2 (Chrono Boost)  
  152  21:45  Zealot x2  
  152  21:46  Zealot x4  
  150  21:49  Stalker x2  
  150  21:52  Dark Templar  
  156  22:07  Colossus x2 (Chrono Boost)  
  154  22:09  High Templar x4  
  154  22:10  Zealot x2  
  154  22:14  Archon x2  
  178  22:16  Zealot  
  178  22:22  Zealot  
  182  22:29  Pylon  
  142  22:39  Observer  
  142  22:41  Stalker x9  
  158  22:52  Photon Cannon  
  156  23:07  Dark Templar x3  
  156  23:08  Zealot x6  
  170  23:14  Disruptor x2  
  153  23:30  Stalker x6  
  136  23:54  Stalker x3  
  136  23:55  Zealot x3  
  150  24:05  Dark Templar  
  134  24:30  Nexus  
  126  24:33  Pylon  
Show
View Real Time Build Order
Export as new Build Order

Kelazhur Terran 

Build Orders:  

Get SALT Encoding   

  12  0:00  SCV  
  13  0:12  SCV  
  14  0:18  Supply Depot  
  14  0:24  SCV  
  15  0:39  SCV  
  15  0:40  Barracks  
  16  0:46  Refinery  
  16  0:51  SCV  
  16  0:56  Refinery  
  17  1:04  SCV  
  18  1:16  SCV  
  19  1:28  Reaper, Orbital Command  
  19  1:32  Supply Depot  
  20  1:44  Factory  
  20  1:51  Bunker  
  20  1:55  SCV  
  21  2:07  SCV  
  22  2:19  SCV  
  23  2:29  Widow Mine  
  25  2:30  Starport  
  25  2:31  SCV  
  26  2:40  Supply Depot  
  26  2:43  SCV  
  27  2:49  Command Center  
  27  2:55  SCV  
  27  3:00  Widow Mine  
  28  3:08  Medivac  
  28  3:11  SCV  
  31  3:16  Barracks Reactor  
  31  3:23  SCV  
  31  3:24  Widow Mine  
  34  3:29  Barracks  
  34  3:30  Barracks  
  34  3:35  SCV  
  35  3:44  Starport Tech Lab  
  35  3:47  SCV  
  36  3:53  Marine x2  
  36  3:54  Factory Tech Lab  
  38  3:59  SCV  
  38  4:02  Banshee  
  39  4:06  Orbital Command  
  42  4:11  SCV  
  46  4:19  Supply Depot  
  46  4:21  Barracks Tech Lab  
  46  4:22  Marine  
  47  4:24  Marine  
  47  4:28  Cyclone  
  48  4:31  SCV  
  48  4:34  SCV  
  50  4:43  SCV  
  50  4:44  Stimpack, Marine  
  50  4:45  Marine  
  53  4:51  Marine  
  54  4:55  SCV  
  44  5:08  Cyclone, SCV, Marine  
  44  5:09  Orbital Command, Marine  
  48  5:20  SCV, Marine  
  48  5:21  Combat Shield, Marine  
  51  5:23  Starport Reactor  
  51  5:26  Refinery  
  51  5:27  Supply Depot  
  51  5:32  SCV  
  51  5:35  SCV  
  53  5:40  Marine x4  
  56  5:44  SCV  
  56  5:47  SCV  
  58  5:56  Supply Depot, SCV, Siege Tank  
  59  5:57  Marine  
  59  5:59  SCV  
  59  6:00  Engineering Bay, Marine x2  
  63  6:06  Medivac  
  63  6:08  Marine  
  63  6:09  Medivac  
  68  6:12  SCV  
  68  6:14  SCV  
  68  6:17  Marine  
  68  6:18  Marine  
  71  6:21  Supply Depot  
  71  6:24  SCV, Marine  
  74  6:26  SCV  
  74  6:28  Marine  
  74  6:29  Concussive Shells  
  76  6:33  Terran Infantry Weapons Level 1  
  76  6:36  SCV, Factory Reactor  
  76  6:38  SCV  
  76  6:39  Supply Depot  
  78  6:40  Missile Turret  
  78  6:42  Marine x2  
  78  6:45  Marauder  
  82  6:50  Refinery  
  82  6:52  SCV x2  
  84  6:55  Missile Turret  
  84  6:56  Marine  
  85  7:01  Supply Depot  
  85  7:05  Marine x2  
  87  7:09  Marauder  
  87  7:13  Medivac  
  87  7:14  Marauder  
  93  7:21  Supply Depot  
  93  7:23  Widow Mine x2  
  97  7:34  Marine  
  97  7:35  Marauder, Marine  
  101  7:43  Supply Depot, Medivac x2  
  107  7:45  Widow Mine  
  107  7:51  Widow Mine  
  109  7:52  SCV  
  109  7:53  Command Center  
  109  7:57  Supply Depot  
  110  8:05  Supply Depot, SCV, Marauder, Marine x2  
  115  8:11  SCV, Widow Mine  
  118  8:18  Widow Mine  
  119  8:25  SCV  
  113  8:29  Marauder x2, Marine x2  
  113  8:31  Medivac  
  113  8:32  Widow Mine  
  122  8:34  SCV  
  122  8:37  SCV, Terran Infantry Armor Level 1  
  122  8:40  Widow Mine  
  126  8:43  Armory  
  126  8:50  Marauder  
  126  8:54  Marine  
  126  8:55  Marauder, Marine  
  132  9:05  SCV  
  132  9:07  Barracks  
  132  9:09  Barracks  
  133  9:11  Marine  
  133  9:12  SCV  
  133  9:14  Marine x2  
  137  9:17  Supply Depot, SCV  
  137  9:21  Marauder  
  137  9:23  Medivac x2  
  142  9:30  Marauder  
  130  9:42  Marauder  
  130  9:47  SCV  
  130  9:51  SCV, Marauder  
  130  9:52  Marine x2  
  121  9:59  Orbital Command  
  118  10:00  Refinery  
  118  10:02  Engineering Bay, SCV  
  118  10:03  Marine  
  118  10:04  SCV  
  121  10:08  Marauder  
  121  10:09  Barracks Reactor  
  121  10:12  Marauder  
  125  10:14  SCV  
  125  10:18  Refinery  
  126  10:22  Ghost Academy, Marauder  
  126  10:23  Command Center, SCV  
  129  10:31  Marauder, Marine x2  
  129  10:33  Terran Infantry Weapons Level 2  
  125  10:41  Viking  
  125  10:43  Marauder x2  
  125  10:49  Viking  
  131  10:50  Marine x3  
  131  10:53  Terran Infantry Armor Level 2  
  134  10:57  SCV x2  
  134  10:58  SCV  
  134  11:02  Enhanced Shockwaves  
  134  11:03  Ghost  
  139  11:06  Ghost  
  139  11:11  Widow Mine x2  
  143  11:14  Viking  
  143  11:18  Marine x2  
  146  11:19  Viking  
  146  11:22  Marine  
  146  11:23  Ghost  
  152  11:32  Supply Depot, Ghost  
  154  11:33  SCV x3  
  154  11:36  Supply Depot  
  154  11:43  Ghost  
  154  11:44  Marine x2  
  158  11:51  Ghost  
  158  11:52  Marine x2  
  162  11:57  SCV x3  
  162  11:59  Widow Mine  
  162  12:00  Widow Mine  
  171  12:01  Marauder  
  171  12:06  Marine x2  
  173  12:09  SCV  
  173  12:12  Marauder  
  176  12:17  Missile Turret  
  176  12:18  Viking  
  176  12:19  Viking  
  176  12:20  Marine x2  
  176  12:21  Widow Mine x2  
  186  12:24  Marauder  
  188  12:35  Supply Depot  
  188  12:39  Barracks  
  188  12:40  Barracks x2  
  188  12:41  Marine  
  188  12:43  Marauder  
  187  12:44  Marauder  
  163  12:52  Orbital Command  
  163  12:53  Marauder  
  150  13:01  Widow Mine x2, Marine x3  
  150  13:03  Medivac  
  150  13:04  Marauder  
  146  13:06  Marauder  
  146  13:08  Medivac  
  136  13:14  SCV x2  
  136  13:15  Marauder  
  139  13:21  Marine x2  
  139  13:25  Planetary Fortress  
  139  13:26  Marauder  
  140  13:27  SCV x2  
  140  13:31  Ghost  
  140  13:34  SCV  
  144  13:37  Missile Turret  
  144  13:41  SCV  
  144  13:44  SCV  
  144  13:46  SCV  
  143  13:53  SCV  
  144  13:56  SCV  
  144  13:57  Marauder x2, Marine  
  144  13:58  SCV, Marine x2  
  144  14:01  Marauder  
  155  14:05  SCV  
  155  14:08  SCV  
  155  14:09  SCV  
  158  14:10  Terran Infantry Weapons Level 3, SCV  
  159  14:17  Terran Infantry Armor Level 3  
  159  14:18  Marauder, Marine  
  159  14:20  SCV  
  148  14:35  Marauder  
  148  14:37  Marauder  
  149  14:39  Marine x4  
  149  14:40  Marauder  
  149  14:42  Viking x2  
  159  14:51  Command Center  
  159  14:55  Barracks Reactor, Barracks Tech Lab x2  
  159  14:56  Marauder  
  159  14:57  Marine x2  
  159  14:58  Widow Mine x2  
  161  15:01  Marauder, Marine  
  160  15:13  Marine  
  163  15:14  Marauder  
  163  15:17  Missile Turret  
  163  15:21  Widow Mine x2, Marine x2  
  164  15:26  Medivac x2  
  164  15:32  Marauder, Marine x2  
  157  15:40  Marine  
  157  15:41  Marauder, Marine x2  
  153  15:44  Marauder x3, Marine  
  154  15:50  Marine x2  
  154  15:53  Ghost  
  154  15:56  Medivac x2  
  155  16:01  Ghost  
  155  16:02  Widow Mine  
  155  16:03  Widow Mine  
  160  16:04  Ghost  
  160  16:08  Ghost x2  
  166  16:15  SCV x4  
  169  16:21  Ghost  
  169  16:23  Marine x2  
  169  16:24  Widow Mine x2  
  175  16:27  SCV  
  175  16:31  Missile Turret, Marauder  
  169  16:34  Marauder  
  169  16:35  Marine x2  
  169  16:36  Viking  
  169  16:37  Viking  
  165  16:45  Widow Mine  
  165  16:46  Widow Mine  
  163  16:55  Marine  
  163  17:00  Planetary Fortress  
  140  17:03  SCV  
  140  17:06  Medivac  
  140  17:07  Widow Mine x2  
  140  17:08  Marauder x2  
  117  17:12  Marine x2  
  117  17:13  SCV x2  
  115  17:15  SCV  
  115  17:17  Marine  
  115  17:18  Marine x2  
  118  17:25  SCV  
  119  17:34  Marine x3  
  122  17:38  Marine x3  
  125  17:45  SCV x2  
  125  17:51  Orbital Command  
  127  17:57  SCV  
  125  18:04  Marauder x2, Marine x3  
  121  18:18  Marauder  
  109  18:21  Marauder  
  109  18:24  Marauder  
  109  18:25  Marine x8  
  110  18:41  Marauder  
  107  18:42  Marauder, Marine  
  107  18:43  SCV x3, Marauder, Marine x6  
  107  18:45  Refinery, Marine  
  107  18:46  Refinery  
  117  18:55  SCV x2  
  117  18:56  SCV  
  117  19:01  Marauder  
  117  19:02  Marauder  
  123  19:03  Missile Turret  
  123  19:04  Marine  
  123  19:05  Refinery  
  123  19:06  Refinery  
  123  19:07  SCV  
  123  19:08  SCV x2, Widow Mine  
  129  19:11  Marauder  
  129  19:12  Marine  
  130  19:19  SCV  
  130  19:20  SCV x2  
  132  19:30  Widow Mine x2  
  135  19:32  SCV x2  
  125  19:39  Marauder x2, Marine x3  
  132  19:46  Medivac x2  
  132  19:50  Marine x2  
  132  19:51  Marine x3  
  132  19:52  Widow Mine x2  
  141  19:57  SCV x2  
  139  20:00  Marine x2  
  139  20:01  Marauder  
  143  20:08  SCV  
  143  20:09  SCV x3  
  147  20:20  Ghost x2  
  151  20:22  Marine x5  
  156  20:34  Medivac x2  
  156  20:35  Widow Mine x2  
  150  20:43  Orbital Command  
  150  20:44  Marauder x2  
  145  20:52  Marauder  
  145  20:55  Marauder  
  145  20:56  Marine  
  145  20:57  Marine x6  
  139  21:04  Medivac  
  139  21:05  Marine x2  
  143  21:12  Medivac  
  143  21:13  Marine  
  143  21:14  Marine  
  143  21:15  Marauder  
  143  21:17  Marauder  
  151  21:22  Marine  
  152  21:26  Widow Mine x2  
  152  21:30  Command Center  
  138  21:39  Marauder  
  126  21:42  Marine x2  
  126  21:45  Ghost  
  130  21:47  Widow Mine x2  
  130  21:50  Medivac  
  136  21:56  SCV x2  
  136  21:57  Refinery x2  
  136  22:00  Marine x4  
  142  22:01  Ghost  
  144  22:13  Marine x5  
  144  22:14  Marine  
  150  22:18  Marine x4  
  154  22:26  Viking  
  154  22:27  Viking  
  156  22:30  Marine, Ghost  
  143  22:37  Marauder x3, Marine  
  143  22:38  Marine  
  142  22:48  Marauder, Marine x3  
  142  22:49  Marine  
  146  22:55  Marine  
  144  23:03  Marauder  
  144  23:04  Marauder  
  144  23:05  Widow Mine x2, Marine  
  152  23:06  Viking x2  
  152  23:26  Marauder x2  
  153  23:36  Medivac x2  
  148  23:41  Orbital Command  
  148  23:46  Marine  
  148  23:47  Marauder, Marine x3  
  107  24:05  Widow Mine x2  
  107  24:06  Medivac x2  
  114  24:21  Marauder x2, Marine x6  
  114  24:22  Marine  
  114  24:28  Marauder, Marine  
Tags
 
Add a new tag
Caveats
  • Supply blocks, unpowered buildings, or Contaminate may cause inaccurate times.
  • Supply counts are checked every 10 seconds.